 Dungeon Crawl Stone Soup version 0.17.0-73-gb648821 (webtiles) character file.

1694 Rex the Protected (level 8, -2/71 HPs)
             Began as a Minotaur Fighter on Dec 9, 2015.
             Slain by an orc priest
             ... wielding a +0 hand axe
              (5 damage)
             ... on level 6 of the Dungeon.
             The game lasted 00:15:35 (5619 turns).

Rex the Protected (Minotaur Fighter)                Turns: 5619, Time: 00:15:36

Health: -2/71      AC:  8    Str: 27    XL:     8   Next: 72%
Magic:  7/7        EV: 10    Int:  5    God:
Gold:   283        SH: 11    Dex: 11    Spells: 0 memorised, 7 levels left

rFire  . . .     SeeInvis .     a - +1 war axe
rCold  . . .     Clarity  .     b - +0 scale mail
rNeg   . . .     SustAt   .     c - +0 shield
rPois  .         Gourm    .     (helmet restricted)
rElec  .         Spirit   .     (no cloak)
rCorr  .         Warding  .     (no gloves)
rMut   .         Stasis   .     (no boots)
MR     .....                    i - amulet of rage
Stlth  ..........               (no ring)
                                (no ring)

@: mighty, very slightly contaminated, hasted, very quick, not resistant to
hostile enchantments, extremely unstealthy
A: retaliatory headbutt, horns 2
a: Evoke Berserk Rage


You were on level 6 of the Dungeon.
You were not hungry.

You visited 1 branch of the dungeon, and saw 6 of its levels.

You collected 283 gold pieces.

Inventory:

Hand Weapons
 a - a +1 war axe (weapon)
Armour
 b - a +0 scale mail (worn)
 c - a +0 shield (worn)
Jewellery
 i - an amulet of rage (around neck)
 n - an uncursed amulet of resist mutation
Wands
 p - a wand of enslavement (18)
Scrolls
 f - 7 scrolls of remove curse
 l - 6 scrolls of identify
 m - a scroll of teleportation
Potions
 d - a potion of might
 o - a potion of berserk rage
 q - a potion of curing
Comestibles
 e - 4 bread rations
 g - 2 fruits
 h - a beef jerky
 j - 2 meat rations


   Skills:
 + Level 6.9 Fighting
 + Level 6.4 Axes
 + Level 8.1 Armour
 + Level 4.9 Dodging
 + Level 0.3 Stealth
 + Level 5.9 Shields
 + Level 0.1 Evocations


You had 7 spell levels left.
You didn't know any spells.

Dungeon Overview and Level Annotations

Branches:
Dungeon (6/15)
 Temple: D:4-7

Altars:
Elyvilon
Yredelemnul
Zin

Shops:
D:3 *   D:5 *


Innate Abilities, Weirdness & Mutations

You reflexively headbutt those who attack you in melee.
You have a pair of horns on your head.


Message History

Pain shoots through your body!
* * * LOW HITPOINT WARNING * * *
You see here 18 gold pieces.
You bump into the rock wall.
The hound bites you.
* * * LOW HITPOINT WARNING * * *
You slash the orc priest!
The orc priest is almost dead.
You closely miss the hound. The hound bites you.
* * * LOW HITPOINT WARNING * * *
The orc priest invokes the aid of Beogh against you.
Pain shoots through your body!
* * * LOW HITPOINT WARNING * * *
You bump into the rock wall.
The hound closely misses you.
You barely miss the orc priest.
The orc priest is almost dead.
You closely miss the hound.
You feel less confused. The hound closely misses you.
The orc priest hits you with a hand axe.
You die...

.. #.. ######.. ...#.. #...#
######### #..# #.......#
##))######.......#
###oh..)..##........ #...
#..@#####..........# #....
##...### ####........ ....###...#
#####.......... .. .......#
#####.....#........ ..###.#..#
###.....<##.......... .....#....#
#...........#........
.##.......###.#.........########.
..#.##......#.#>.....#.##
#.#...<#......##..[...<###


You could see a hound and an orc priest.

Vanquished Creatures
  A troll (D:6)
  Eustachio (D:6)
  Edmund (D:4)
  A sky beast (D:6)
  Purgy (D:4)
  An orc warrior (D:6)
  A phantom (D:4)
  3 ogres
  Blork the orc (D:4)
  A scorpion (D:4)
  A jelly (D:5)
  2 centaur skeletons
  2 hounds
  Terence (D:2)
  Natasha (thrice) (D:2)
  2 iguanas
  An orc wizard (D:6)
  3 worker ants
  A gnoll (D:3)
  4 adders
  A shadow imp (D:3)
  2 oozes
  2 worms (D:2)
  2 adder skeletons
  2 giant geckos
  6 orcs
  4 giant cockroaches
  10 goblins
  10 hobgoblins
  2 jackals (D:1)
  6 quokkas
  5 bats
  8 giant newts
  A jackal zombie (D:6)
  7 kobolds
  7 rats
107 creatures vanquished.

Vanquished Creatures (collateral kills)
  2 gnolls (D:3)
2 creatures vanquished.

Vanquished Creatures (others)
  A gnoll (D:3)
1 creature vanquished.

Grand Total: 110 creatures vanquished

Notes
Turn   | Place    | Note
--------------------------------------------------------------
     0 | D:1      | Rex the Minotaur Fighter began the quest for the Orb.
     0 | D:1      | Reached XP level 1. HP: 19/19 MP: 0/0
   182 | D:1      | Reached XP level 2. HP: 24/27 MP: 1/1
   315 | D:1      | Reached skill level 4 in Armour
   792 | D:2      | Reached XP level 3. HP: 33/33 MP: 2/2
  1000 | D:2      | Noticed Terence
  1007 | D:2      | Killed Terence
  1007 | D:2      | Reached XP level 4. HP: 37/41 MP: 3/3
  1043 | D:2      | Noticed Natasha
  1055 | D:2      | Killed Natasha
  1055 | D:2      | Reached skill level 1 in Dodging
  1273 | D:2      | Noticed Natasha
  1295 | D:2      | Killed Natasha
  1463 | D:2      | Noticed Natasha
  1468 | D:2      | Killed Natasha
  1667 | D:3      | Reached XP level 5. HP: 47/47 MP: 4/4
  2231 | D:3      | Found Zin's Purification Station.
  2235 | D:3      | Found a glowing silver altar of Zin.
  2514 | D:4      | Reached skill level 5 in Armour
  2548 | D:4      | Noticed Blork the orc
  2592 | D:4      | Killed Blork the orc
  2592 | D:4      | Reached skill level 5 in Fighting
  2592 | D:4      | Reached XP level 6. HP: 3/56 MP: 5/5
  2926 | D:4      | Reached skill level 5 in Shields
  3073 | D:4      | Noticed a phantom
  3092 | D:4      | Killed a phantom
  3092 | D:4      | Reached skill level 6 in Armour
  3092 | D:4      | Reached XP level 7. HP: 42/61 MP: 6/6
  3105 | D:4      | Noticed Edmund
  3116 | D:4      | Killed Edmund
  3413 | D:4      | Noticed Purgy
  3429 | D:4      | Killed Purgy
  4072 | D:5      | Entered Level 5 of the Dungeon
  4090 | D:5      | Reached skill level 5 in Axes
  4131 | D:5      | Reached skill level 7 in Armour
  4223 | D:5      | Reached XP level 8. HP: 34/70 MP: 7/7
  4419 | D:5      | Found a white marble altar of Elyvilon.
  4557 | D:5      | Found a basalt altar of Yredelemnul.
  4851 | D:5      | Found Jemeymon's Assorted Antiques.
  4984 | D:6      | Noticed Eustachio
  5001 | D:6      | Killed Eustachio
  5231 | D:6      | Noticed a troll
  5238 | D:6      | Killed a troll
  5238 | D:6      | Reached skill level 8 in Armour
  5617 | D:6      | HP: 3/71 [orc priest/nerve-wracking pain (3)]
  5619 | D:6      | Slain by an orc priest

Action                   |  1- 3 |  4- 6 |  7- 9 || total
-------------------------+-------+-------+-------++-------
Melee: War axe           |    79 |   127 |   116 ||   322
 Abil: Evoke Berserk Rag |       |     1 |       ||     1
Evoke: Wand              |       |     2 |       ||     2
  Use: Scroll            |     4 |     6 |     2 ||    12
       Potion            |     3 |     3 |     7 ||    13
  Eat: Chunk             |       |     8 |     5 ||    13
       Fruit             |       |       |     7 ||     7
